AoeStats
← uugurr

Enclosed

506263317Analyzed
1v1 RM · 19d ago on Sep 12, 2026· 44m 0s· 2 players
Game mode
Random Map
Map size
Tiny (2 player)
Population
200
Speed
Normal
Resources
Standard
Victory
Conquest
Starting age
Dark Age
Ending age
Imperial Age
RankedLock teamsTeams togetherTeam positionsShared explorationLock speedFull tech treeHidden civsTurbo modeCheats
Victory
Defeat
🇹🇷 Khmer · Türkiye
822
+18
🇦🇺 Goths · Australia
857
-18
uugurr
11:40 Feudal Age
17:31 Castle Age
15:25 Gold Mining
15:18 Horse Collar
15:25 Double-Bit Axe
17:47 Light Cavalry
18:38 Bloodlines
18:29 Husbandry
21:45 Gold Shaft Mining
21:28 Heavy Plow
22:04 Stone Mining
22:15 Loom
25:34 Stone Shaft Mining
25:22 Bow Saw
26:12 Fervor
30:37 Imperial Age
28:38 Town Watch
30:25 Wheelbarrow
30:15 Town Patrol
32:40 Hand Cart
33:27 Crop Rotation
33:30 Scale Barding Armor
33:26 Scale Mail Armor
34:44 Sanctity
34:25 Devotion
34:35 Redemption
34:51 Illumination
35:01 Theocracy
34:22 Herbal Medicine
35:08 Chain Barding Armor
36:12 Padded Archer Armor
36:06 Fletching
39:11 Plate Barding Armor
38:51 Chain Mail Armor
40:38 Tusk Swords
40:59 Conscription
41:15 Hoardings
40:04 Spies/Treason
42:34 Forging
42:20 Bodkin Arrow
42:40 Leather Archer Armor
43:29 Chemistry
42:50 Ballistics
42:41 Fortified Wall
42:26 Murder Holes
42:42 Careening
42:56 Onager
43:42 Capped Ram
44:18 Guard Tower
44:19 Heated Shot
chtken11
Connection lost

Rejoining the realm…

Still unreachable

The connection could not be restored.

Session expired

The server has moved on; the page needs a fresh start.